[Event "Early-Titled-Tuesday-Blitz-April-23-2024"]
[Site "Chess.com"]
[Date "2024.04.23"]
[Round "10"]
[White "Flaccidmoves"]
[Black "Ati1517"]
[Result "1-0"]
[WhiteElo "2451"]
[BlackElo "2267"]
[TimeControl "180+1"]
[EndTime "10:01:03 PDT"]
[Termination "Flaccidmoves won by checkmate"]

1. c4 Nf6 2. Nc3 g6 3. e4 Bg7 4. d4 d6 5. f3 O-O 6. Be3 e5 7. Nge2 Nc6 8. d5 Ne7 9. Qd2 c6 10. O-O-O cxd5 11. cxd5 Bd7 12. Kb1 b5 13. Nc1 b4 14. Nb5 a6 15. Nxd6 Ba4 16. Nb7 Qb8 17.
b3 Bxb3 18. Nxb3 Qxb7 19. Nc5 Qc8 20. d6 Nc6 21. d7 Qc7 22. Qd6 Qxd6 23. Rxd6 Nd4 24.
Bxd4 exd4 25. Bxa6 Nh5 26. Bc8 Bf6 27. g3 Be7 28. Rd5 Raxc8 29. dxc8=Q Rxc8 30. Rc1 Bf6 31. f4 Ng7 32. e5 Be7 33. Ne4 Rxc1+ 34. Kxc1 Ne6 35.
Rd7 Bf8 36. Nf6+ Kg7 37. Rb7 Bc5 38. Ne8+ Kf8 39. Nd6 Nd8 40. Rb8 Ke7 41. Ne4 Nc6 42. Rc8 Kd7 43. Rh8 Bb6 44. Rxh7 Ke6 45. Ng5+ Kd5 46.
Rxf7 b3 47. axb3 d3 48. Rd7+ Kc5 49. e6 Bd8 50. Rxd8 Nxd8 51. e7 Ne6 52. e8=Q Nxg5 53. fxg5 d2+ 54. Kxd2 Kb4 55. Qe4+ Kxb3 56. Qc2+ Ka3 57.
Qc4 Kb2 58. Qd3 Ka2 59. Qc3 Kb1 60. Qb4+ Ka1 61. Kc2 Ka2 62. Qb2# 1-0

[Event "Early-Titled-Tuesday-Blitz-April-23-2024"]
[Site "Chess.com"]
[Date "2024.04.23"]
[Round "10"]
[White "grantelgibbs"]
[Black "SoCalJuniorChess"]
[Result "1-0"]
[WhiteElo "1960"]
[BlackElo "2132"]
[TimeControl "180+1"]
[EndTime "10:01:03 PDT"]
[Termination "grantelgibbs won by resignation"]

1. e3 e5 2. b3 d6 3. Bb2 g6 4.
Nf3 Bg7 5. d4 exd4 6. Bxd4 Bxd4 7. Qxd4 Qf6 8. Nc3 Nc6 9. Qxf6 Nxf6 10. Nb5 Kd8 11. O-O-O a6 12. Nbd4 Nxd4 13. Rxd4 Be6 14. c4 Ng4 15. Rd2 Ke7 16. Bd3 c6 17. Rhd1 Rad8 18.
h3 Ne5 19. Be2 f5 20. Kc2 Rd7 21. Kc3 Rhd8 22. Ng5 h6 23. Nxe6 Kxe6 24. f4 Nf7 25. Bf3 g5 26. g3 Kf6 27. b4 Re8 28. Rd3 Rde7 29. Kd2 gxf4 30. gxf4 Rg8 31. Bh1 Rg3 32. e4 Rxd3+ 33. Kxd3 Re8 34. Rg1 Nh8 35. Kd4 Ng6 36.
Ke3 Nh4 37. Kd4 Re7 38. a4 Rg7 39. Rxg7 Kxg7 40. a5 Kf6 41. e5+ dxe5+ 42. fxe5+ Ke6 43. b5 Ng6 44. bxa6 bxa6 45. Bxc6 Nxe5 46. Bh1 f4 47. Bd5+ Kf6 48. Ke4 Nd7 49. Kxf4 Nc5 50. Ke3 Nb3 51. Ke4 Nxa5 52. c5 Ke7 53. Kf5 Kd7 54. Kg6 Nc6 55.
Kxh6 a5 56. h4 Ne5 57. Kg5 Nd3 58. h5 Nxc5 59. h6 Ne6+ 60. Bxe6+ 1-0

[Event "Early-Titled-Tuesday-Blitz-April-23-2024"]
[Site "Chess.com"]
[Date "2024.04.23"]
[Round "10"]
[White "Jospem"]
[Black "snowlord"]
[Result "1-0"]
[WhiteElo "3081"]
[BlackElo "2916"]
[TimeControl "180+1"]
[EndTime "10:01:04 PDT"]
[Termination "Jospem won on time"]

1. e4 c5 2. Nf3 Nc6 3. c3 Nf6 4. e5 Nd5 5. Bc4 Nb6 6. Bb3 c4 7. Bc2 d6 8. exd6 Qxd6 9. O-O g6 10. Na3 Bg7 11. Qe2 Be6 12. b3 cxb3 13. axb3 O-O 14. Re1 Bd5 15. Nc4 Qc7 16. Ne3 Rad8 17. Nxd5 Nxd5 18.
g3 a6 19. h4 Rfe8 20. h5 e5 21. Ra4 Re7 22. Ba3 Ree8 23. Rh4 Bf6 24. Rg4 Qc8 25. Rc4 b5 26. Re4 Bg7 27. hxg6 hxg6 28. Rh4 Nd4 29. cxd4 Qxc2 30. dxe5 Qxb3 31. Bc5 Qc2 32. Bd4 Nb4 33. Bb6 Nd3 34. Bxd8 Nxe1 35. Nxe1 Qc6 36. Bg5 Rxe5 37. Be3 a5 38. Qd3 Rd5 39. Qb1 a4 40. Nc2 Rd3 41. Nd4 Qc4 42. Nf5 Qb3 43. Qc1 gxf5 44. Qc8+ Bf8 45. Bc5 Qd1+ 46. Kh2 1-0

[Event "Early-Titled-Tuesday-Blitz-April-23-2024"]
[Site "Chess.com"]
[Date "2024.04.23"]
[Round "10"]
[White "sokidze"]
[Black "ravengelic"]
[Result "0-1"]
[WhiteElo "2798"]
[BlackElo "2696"]
[TimeControl "180+1"]
[EndTime "10:01:04 PDT"]
[Termination "ravengelic won on time"]

1. d4 Nf6 2. c4 g6 3. Nf3 Bg7 4. g3 d6 5. Bg2 O-O 6. Nc3 c6 7. O-O Qa5 8. e4 Bg4 9. h3 Bxf3 10. Bxf3 c5 11. d5 Qb4 12. Be2 Nfd7 13. Bd2 Qxb2 14. Rb1 Qa3 15. Nb5 Qxa2 16. Nc7 Na6 17.
Nxa8 Rxa8 18. Rxb7 Ne5 19. Qc1 Nb4 20. Rxe7 a5 21.
Rd1 a4 22. Bf1 a3 23. Bc3 Qb3 24. Ba1 Nc2 25. Bxe5 Bxe5 26. Rxe5 dxe5 27. Rd3 Qb2 28. Qxb2 axb2 29. Rb3 Ra2 30. d6 Nd4 31. Rb8+ Kg7 32. d7 Nc6 33. Rb6 Nd8 34. Kg2 Kf8 35. Bd3 Ke7 36.
Bb1 Ra4 37. Rxb2 Rxc4 38. Ba2 Rxe4 39. Rc2 Ra4 40. Bb3 Ra5 41. Re2 f6 42. f4 Nc6 43.
Bd5 Kxd7 44. Bxc6+ Kxc6 45. fxe5 fxe5 46. Rxe5 Kd6 47. Re8 Ra7 48. Kf3 c4 49. Rd8+ Rd7 50.
Rb8 c3 51. Ke3 Rc7 0-1

[Event "Early-Titled-Tuesday-Blitz-April-23-2024"]
[Site "Chess.com"]
[Date "2024.04.23"]
[Round "10"]
[White "ccccvhhhj"]
[Black "sterpfi"]
[Result "1-0"]
[WhiteElo "2465"]
[BlackElo "2270"]
[TimeControl "180+1"]
[EndTime "10:01:04 PDT"]
[Termination "ccccvhhhj won by resignation"]

1. e4 e6 2. Nf3 d5 3. e5 c5 4.
b4 cxb4 5. a3 bxa3 6. Nxa3 a6 7.
c3 Nc6 8. d4 Bd7 9. Bd3 h6 10.
O-O Rc8 11. Ne1 Nge7 12. f4 Na5 13. Bd2 Nc4 14. Bc1 Qa5 15. Nxc4 Qxa1 16. Nd6+ Kd8 17. Nxf7+ Kc7 18. Nxh8 Qxc3 19. Nf3 Be8 20. Be3 Kb8 21. Qb1 Bh5 22. Rc1 Qa3 23. Rxc8+ Kxc8 24. h3 b5 25. Qc2+ Kb7 26. Bc1 Qa1 27. g4 Be8 28. Kg2 Nc6 29. Ng6 Bxg6 30. Bxg6 Nxd4 31. Nxd4 Qxd4 32. Bb2 Qxf4 33.
Be8 Qe4+ 34. Qxe4 dxe4 35. Kf2 Kb6 36. Ke3 a5 37. Bf7 b4 38. Bxe6 a4 39. Kxe4 a3 40. Bd4+ Kb5 41. Bb3 Be7 42. Kd5 Bf8 43. e6 Be7 44. Be5 g6 45. Bd6 Bf6 46. e7 Bxe7 47. Bxe7 a2 48. Bxa2 Ka4 49. Kc4 Ka3 50. Bb3 Kb2 51.
Bxb4 h5 52. g5 h4 53. Bd1 1-0

[Event "Early-Titled-Tuesday-Blitz-April-23-2024"]
[Site "Chess.com"]
[Date "2024.04.23"]
[Round "10"]
[White "DonkyDonkyDonkey"]
[Black "Tagir45"]
[Result "1-0"]
[WhiteElo "2916"]
[BlackElo "2660"]
[TimeControl "180+1"]
[EndTime "10:01:05 PDT"]
[Termination "DonkyDonkyDonkey won on time"]

1. e4 c5 2. Nc3 Nc6 3. f4 e6 4. Nf3 d5 5. Bb5 Ne7 6. O-O a6 7. Bxc6+ Nxc6 8. d3 Be7 9. Qe1 b5 10. Qg3 g6 11. f5 dxe4 12. dxe4 b4 13. Rd1 Qb6 14.
Na4 Qb5 15. b3 exf5 16. Bb2 O-O 17. Qf4 Ra7 18. c4 Qb8 19. Qh6 f6 20. exf5 Bxf5 21. Rd5 Rf7 22. Re1 Bf8 23. Qd2 Bg4 24. Qf2 Rae7 25.
Rxe7 Bxe7 26. Nxc5 Qf4 27. Nd3 Qe4 28. Nd2 Qe6 29.
h3 Bf5 30. Nf4 Qc8 31. Nf3 Be4 32. Rd1 Bxf3 33. Qxf3 Ne5 34. Qd5 Kg7 35. Ne6+ Kg8 36. Rf1 Qd7 37. Bxe5 Qxd5 38. cxd5 fxe5 39. Rxf7 Kxf7 40.
Kf2 Kf6 41. Kf3 h5 42. Ke4 g5 43. g4 1-0

[Event "Early-Titled-Tuesday-Blitz-April-23-2024"]
[Site "Chess.com"]
[Date "2024.04.23"]
[Round "10"]
[White "margarita_2703"]
[Black "jbking07"]
[Result "1-0"]
[WhiteElo "2310"]
[BlackElo "2437"]
[TimeControl "180+1"]
[EndTime "10:01:05 PDT"]
[Termination "margarita_2703 won on time"]

1. e4 c5 2. Nf3 d6 3. d4 cxd4 4.
Qxd4 Nc6 5. Bb5 Bd7 6. Bxc6 Bxc6 7. Nc3 Nf6 8. Bg5 e6 9. O-O-O Be7 10. Qd3 Qa5 11. Kb1 O-O 12. h4 b5 13. Nd4 Bd7 14.
f4 b4 15. Nce2 Rfc8 16. f5 e5 17. Nb3 Qb6 18. Bxf6 gxf6 19. Rh3 Bb5 20. Rg3+ Kh8 21.
Qd5 Qc7 22. Rd2 Bc4 23. Qa5 Qc6 24. Re3 Bf8 25. Qxb4 Rab8 26. Qa5 Bh6 27. Rc3 Bxd2 28. Nxd2 Qb7 29. Nxc4 Rxc4 30. Rb3 Qc8 31. Nc3 Rxb3 32. axb3 Rd4 33. Qxa7 Qg8 34. Qe7 Qxg2 35. Qxf6+ Qg7 36. Qd8+ Qg8 37. Qe7 h6 38. Nd5 Rxe4 39. b4 Qg1+ 40. Ka2 Rg4 41. Nf6 Rg7 42. Qe8+ Rg8 43. Qxg8+ Qxg8 44.
Nxg8 Kxg8 45. b5 e4 46. b6 e3 47. b7 Kg7 48. b8=Q e2 49. Qb4 1-0

[Event "Early-Titled-Tuesday-Blitz-April-23-2024"]
[Site "Chess.com"]
[Date "2024.04.23"]
[Round "10"]
[White "biostatistician"]
[Black "JeFumeDesClopes"]
[Result "0-1"]
[WhiteElo "2738"]
[BlackElo "2635"]
[TimeControl "180+1"]
[EndTime "10:01:06 PDT"]
[Termination "JeFumeDesClopes won on time"]

1. d4 Nf6 2. Nf3 c5 3. d5 b5 4. c4 b4 5. Bg5 g6 6. Nbd2 Bg7 7. e4 d6 8. h3 O-O 9. Bd3 a5 10. O-O e5 11. Re1 Nbd7 12. Nf1 h6 13. Be3 Nh5 14. Qd2 Kh7 15. Rad1 Qf6 16. N3h2 Nf4 17. Ng3 Nxd3 18. Qxd3 a4 19. Qd2 Qh4 20. Nf3 Qe7 21. Qd3 Nb6 22. h4 Bg4 23. h5 Kg8 24.
Qd2 Nxc4 25. Qc1 Bxf3 26. gxf3 Nxe3 27. Qxe3 Qg5 28. Qxg5 hxg5 29. Rc1 Bf6 30. Kg2 Kg7 31. Rh1 Rh8 32. Rh3 b3 33. a3 g4 34. fxg4 Bg5 35. Rc4 Bf4 36. hxg6 Rxh3 37. Kxh3 fxg6 38. Kg2 Kf6 39. Ne2 Bd2 40. Ng1 Ke7 41. Ne2 Kd7 42.
Nc3 Bxc3 43. Rxc3 Kc7 44. Rf3 Kb6 45. Rf6 Rd8 46. Kf1 Kb5 47. Ke2 Kc4 48. Rxg6 Kd4 49. f3 c4 50. Kd2 Rh8 51. Rxd6 Rh2+ 0-1

[Event "Early-Titled-Tuesday-Blitz-April-23-2024"]
[Site "Chess.com"]
[Date "2024.04.23"]
[Round "10"]
[White "jaskol95"]
[Black "Aygehovit1992"]
[Result "1-0"]
[WhiteElo "2591"]
[BlackElo "2733"]
[TimeControl "180+1"]
[EndTime "10:01:06 PDT"]
[Termination "jaskol95 won on time"]

1. e4 c5 2. Nf3 e6 3. d4 cxd4 4. Nxd4 Nc6 5. Nc3 Qc7 6. Ncb5 Qb8 7. Be3 a6 8. Nxc6 bxc6 9. Nd4 Nf6 10. Bd3 h5 11. h3 c5 12. Nb3 Bb7 13. Nxc5 Bxc5 14.
Bxc5 Bxe4 15. O-O Ng4 16. hxg4 hxg4 17. f4 gxf3 18. Bxe4 Qh2+ 19. Kf2 Qxg2+ 20. Ke3 Qg5+ 21. Kd4 Rh4 22. Qxf3 f5 23. Kc3 Rc8 24. b4 Rxe4 25. Kb2 Qf6+ 26. c3 Qe5 27. Rad1 Rxc5 28. bxc5 Qxc5 29.
Qd3 Qb5+ 30. Qxb5 axb5 31. Rd4 Re2+ 32. Kb3 g5 33. c4 bxc4+ 34. Rxc4 g4 35. a4 g3 36. a5 d5 37. Ra4 g2 38. Rg1 Re3+ 39.
Kb2 Re2+ 40. Kb1 f4 41. a6 f3 42. a7 f2 43. a8=Q+ Kf7 44. Ra7+ Kf6 45. Qf8+ Ke5 46. Qg7+ Kf4 47. Rf7+ Ke3 48. Qg3+ Kd2 49. Rxf2 1-0

[Event "Early-Titled-Tuesday-Blitz-April-23-2024"]
[Site "Chess.com"]
[Date "2024.04.23"]
[Round "10"]
[White "rdarruda"]
[Black "tusplingher"]
[Result "0-1"]
[WhiteElo "2526"]
[BlackElo "2646"]
[TimeControl "180+1"]
[EndTime "10:01:06 PDT"]
[Termination "tusplingher won by resignation"]

1. d4 Nf6 2. Nf3 c5 3. d5 b5 4.
c4 g6 5. a4 b4 6. b3 Bg7 7. Bb2 O-O 8. Nbd2 d6 9. e4 Nbd7 10.
Be2 Ne8 11. Bxg7 Nxg7 12. Qc2 e6 13. dxe6 Nxe6 14. O-O Ne5 15. g3 Bb7 16. Rfe1 Qe7 17. Rad1 Rad8 18. Bf1 Rfe8 19. Bg2 f6 20. Qb2 Nd3 21.
Qc2 Nxe1 22. Rxe1 Ng7 23. Qd3 Qf7 24. h4 h6 25. Re3 f5 26. exf5 Rxe3 27. Qxe3 Nxf5 28.
Qd3 Rf8 29. Qe2 Nd4 30. Nxd4 Bxg2 31. Nb5 Bf3 32. Nxf3 Qxf3 33. Qd2 Re8 34. Nxd6 Re2 35. Qd5+ Qxd5 36. cxd5 Rd2 37. Ne4 Rd4 38. Nxc5 Rxd5 39. Na6 Rd3 40. Nxb4 Rxb3 41. Nc6 a6 42. Kf1 Rb6 43.
Ne7+ Kf7 44. Nd5 Rb1+ 45. Ke2 Ra1 46. Nb6 Ke6 47. Kd3 Ra2 48. Ke3 Rb2 49. Nc4 Rb4 0-1

[Event "Early-Titled-Tuesday-Blitz-April-23-2024"]
[Site "Chess.com"]
[Date "2024.04.23"]
[Round "10"]
[White "carloseduar100"]
[Black "Ziyamammadov"]
[Result "0-1"]
[WhiteElo "2197"]
[BlackElo "1982"]
[TimeControl "180+1"]
[EndTime "10:01:06 PDT"]
[Termination "Ziyamammadov won by resignation"]

1. e4 e6 2. d3 d5 3. Nd2 dxe4 4. dxe4 Nf6 5. g3 Bc5 6. Bg2 Qd4 7. Qe2 e5 8. Ngf3 Qd6 9. O-O Bg4 10. Qb5+ Qc6 11. Qb3 Nbd7 12. c3 O-O 13. Qc2 Bh5 14.
Nc4 Rfe8 15. Ne3 Bxe3 16. Bxe3 Qxe4 17. Qxe4 Nxe4 18. Nh4 Nef6 19. Bxb7 Rab8 20. Bg2 Rxb2 21. Bxa7 e4 22. Nf5 Bg6 23. Ne3 c5 24. Rfb1 Rxb1+ 25. Rxb1 Ra8 26. Rb7 Rd8 27. a4 Ne5 28. Bxc5 Nfg4 29. h3 Nxe3 30. Bxe3 h6 31. a5 Rd1+ 32.
Kh2 Ra1 33. Ra7 f5 34. a6 Bh5 35. Bd4 Nf3+ 36. Bxf3 Bxf3 37. g4 f4 38. Rxg7+ Kf8 39. Bc5+ Kxg7 40. g5 hxg5 0-1

[Event "Early-Titled-Tuesday-Blitz-April-23-2024"]
[Site "Chess.com"]
[Date "2024.04.23"]
[Round "10"]
[White "Polish_fighter3000"]
[Black "Hikaru"]
[Result "0-1"]
[WhiteElo "3112"]
[BlackElo "3298"]
[TimeControl "180+1"]
[EndTime "10:01:07 PDT"]
[Termination "Hikaru won on time"]

1. b3 a5 2. Bb2 a4 3. b4 e6 4. a3 Nf6 5. e3 c5 6. bxc5 Bxc5 7. c4 d5 8. Nf3 O-O 9. Nc3 Bd7 10.
cxd5 Nxd5 11. Qc2 Be7 12. h4 Nxc3 13. Ng5 f5 14. Bxc3 h6 15. Nh3 Na6 16. Nf4 Rc8 17. Qb2 Bf6 18. Bxf6 Rxf6 19. Bxa6 bxa6 20. O-O Rb8 21.
Qc3 Rb3 22. Qd4 Qe7 23. Rfc1 e5 24.
Qc4+ Qf7 25. Qxf7+ Kxf7 26. Nd5 Rd6 27. Rc5 Rb5 28.
Rxb5 axb5 29. Nc3 Rxd2 30. Rb1 Rd3 31. Nxb5 Ke6 32. Kh2 Rb3 33. Nc7+ Kd6 34. Rc1 Rxa3 35. Na6 Rd3 36. Nc5 Rd5 37. Nxd7 Kxd7 38. Ra1 Ra5 39.
Ra3 Kc6 40. Kh3 Kc5 41. g4 Kb4 42. Ra1 a3 43. gxf5 h5 44. Kg3 Kb3 45. e4 Ra4 46. f4 Rxe4 47. fxe5 Rxe5 48. Kf4 Ra5 49. Kg5 a2 50.
Kxh5 Rxf5+ 51. Kg6 Rf4 52. Kg5 Rf2 0-1

[Event "Early-Titled-Tuesday-Blitz-April-23-2024"]
[Site "Chess.com"]
[Date "2024.04.23"]
[Round "10"]
[White "Let_it_be_1"]
[Black "Naruto75_3"]
[Result "1-0"]
[WhiteElo "2608"]
[BlackElo "2380"]
[TimeControl "180+1"]
[EndTime "10:01:07 PDT"]
[Termination "Let_it_be_1 won by resignation"]

1. e4 c5 2. Nf3 d6 3. d4 cxd4 4. Nxd4 Nf6 5. Nc3 a6 6. Be2 e5 7. Nb3 Be7 8. O-O O-O 9. Kh1 Be6 10. f4 exf4 11. Bxf4 Nc6 12. Qe1 Rc8 13. Rd1 Kh8 14.
Qg3 Qb6 15. Bxd6 Bxd6 16. Rxd6 Rcd8 17. Rfd1 Rxd6 18. Rxd6 Qb4 19. Bf3 Qc4 20. h3 h6 21.
e5 Nh7 22. Bxc6 bxc6 23. Nd4 Ng5 24. Qd3 Qc5 25. Qe3 Qb4 26. b3 c5 27. Nc6 Qh4 28. Qxc5 Bxh3 29. gxh3 Qxh3+ 30. Kg1 Qg3+ 31. Kf1 Qf3+ 32.
Ke1 Ne6 33. Qc4 Qh1+ 34. Kd2 Qg2+ 35. Kc1 h5 36. Kb2 Qg5 37. Qe4 h4 38. Nd4 Nf4 39. Nf3 Qg4 40. Nd5 f5 41. Qxf4 1-0

[Event "Early-Titled-Tuesday-Blitz-April-23-2024"]
[Site "Chess.com"]
[Date "2024.04.23"]
[Round "10"]
[White "mertfelin"]
[Black "Juicy_Fork"]
[Result "1-0"]
[WhiteElo "2294"]
[BlackElo "2452"]
[TimeControl "180+1"]
[EndTime "10:01:07 PDT"]
[Termination "mertfelin won by resignation"]

1. e4 e5 2. Nf3 Nc6 3. Bc4 Nf6 4.
d3 Bc5 5. c3 d6 6. O-O h6 7. Nbd2 O-O 8. h3 Re8 9. Re1 a6 10. a4 Ba7 11. b4 d5 12. exd5 Nxd5 13.
Qc2 Nf4 14. Ne4 Bxh3 15. Bxf4 exf4 16. gxh3 Qd7 17. Kg2 Ne5 18. Nxe5 Rxe5 19. Qd1 Kh7 20. Qf3 Rae8 21. d4 R5e7 22. Re2 f5 23. Nc5 Bxc5 24. bxc5 b5 25. Rxe7 Rxe7 26. axb5 axb5 27. Bd3 c6 28. Qxf4 Rf7 29. Qd6 Qe8 30. Qe5 Qd8 31. Bxf5+ Kh8 32. Re1 Qg5+ 33. Bg4 Qg6 34. Kh2 Qf6 35. Qxf6 Rxf6 36.
Kg3 g6 37. Re6 Rf7 38. Rxc6 h5 39. Rxg6 hxg4 40. hxg4 Ra7 41. Rb6 Ra3 42. Rxb5 Rxc3+ 43. f3 Rxc5 44. dxc5 1-0

[Event "Early-Titled-Tuesday-Blitz-April-23-2024"]
[Site "Chess.com"]
[Date "2024.04.23"]
[Round "10"]
[White "HamedWafa4"]
[Black "theoneandonlydaaevik"]
[Result "0-1"]
[WhiteElo "2723"]
[BlackElo "2606"]
[TimeControl "180+1"]
[EndTime "10:01:09 PDT"]
[Termination "theoneandonlydaaevik won on time"]

1. e4 c5 2. Nf3 e6 3. b3 b6 4. c4 Bb7 5. Nc3 d6 6. Bb2 Nf6 7. Bd3 Nbd7 8. O-O Be7 9. Bc2 O-O 10. d4 cxd4 11. Nxd4 a6 12. Qe2 Qc7 13. Rad1 Rfe8 14. h3 Bf8 15. Rfe1 Rac8 16. g4 Ne5 17. f4 Ng6 18. Qf2 e5 19. Nde2 b5 20. f5 Nf4 21.
Nxf4 exf4 22. Qxf4 bxc4 23. g5 Nh5 24. Qf3 g6 25.
Nd5 Bxd5 26. Rxd5 c3 27. Bc1 Re5 28. f6 Rce8 29. Red1 h6 30. gxh6 Kh7 31. Be3 Bxh6 32. Bxh6 Kxh6 33. Qe3+ Kh7 34. Rxd6 Qc8 35. Rd7 Kg8 36.
Qd4 Nxf6 37. Rd8 Qe6 38. Rxe8+ Nxe8 39. Qxc3 Nf6 40. Qg3 Nxe4 0-1

[Event "Early-Titled-Tuesday-Blitz-April-23-2024"]
[Site "Chess.com"]
[Date "2024.04.23"]
[Round "10"]
[White "adotand"]
[Black "littlepinkyboy"]
[Result "1-0"]
[WhiteElo "2926"]
[BlackElo "2678"]
[TimeControl "180+1"]
[EndTime "10:01:10 PDT"]
[Termination "adotand won on time"]

1. c4 e5 2. e3 Nf6 3. a3 d5 4.
cxd5 Nxd5 5. Qc2 Be7 6. Nc3 O-O 7. Nf3 Nc6 8. d3 Be6 9. Be2 f5 10. O-O Rc8 11. Bd2 a6 12. b4 Bf6 13. Rac1 Nxc3 14.
Bxc3 g5 15. a4 g4 16. Nd2 Ne7 17. Nc4 Ng6 18. Qb2 Qd5 19. Rfd1 Rfd8 20. e4 fxe4 21.
Ne3 Qd7 22. dxe4 Qg7 23. g3 h5 24. b5 axb5 25. Qxb5 c6 26. Qb2 Bg5 27. Nf5 Bxc1 28. Rxc1 Qf6 29. Qxb7 Rb8 30. Qxc6 Rdc8 31. Qa6 Rb3 32.
Bd2 Rxc1+ 33. Bxc1 Rb1 34. Qc6 Ne7 35. Nxe7+ Qxe7 36. Kg2 Qd7 37. Qa8+ Kg7 38. Bg5 Qb7 39. Qxb7+ Rxb7 40. a5 Ra7 41. a6 Bc8 42. Be3 Ra8 43. a7 Bb7 44. f3 gxf3+ 45. Bxf3 Kg6 46. h4 Rf8 47. Bc5 Rf7 48. Bd6 Kf6 49. Bb8 Ke6 50.
g4 hxg4 51. Bxg4+ Ke7 52. Bf3 Ke6 53. h5 Rg7+ 54. Kf2 Rf7 55. Kg3 Rg7+ 56. Kh4 Rf7 57. Bg4+ Kf6 58. Bf5 Rg7 59. h6 Rg1 60. Bxe5+ Kxe5 61. h7 Kf4 62. h8=Q Bxe4 63. Bxe4 1-0

[Event "Early-Titled-Tuesday-Blitz-April-23-2024"]
[Site "Chess.com"]
[Date "2024.04.23"]
[Round "10"]
[White "KnightDuta"]
[Black "Mackster23"]
[Result "1-0"]
[WhiteElo "2748"]
[BlackElo "2585"]
[TimeControl "180+1"]
[EndTime "10:01:10 PDT"]
[Termination "KnightDuta won on time"]

1. d4 Nf6 2. Bf4 d5 3. e3 c5 4. Nd2 Nc6 5. Ngf3 e6 6. c3 cxd4 7. exd4 Nh5 8. Be3 Bd6 9. Bb5 Nf4 10. O-O Bd7 11. Re1 Ng6 12. c4 O-O 13. c5 Bc7 14. a3 f6 15. b4 Kh8 16. Qb3 a6 17.
Bf1 Nce7 18. a4 e5 19. b5 e4 20. Nxe4 dxe4 21. Nd2 f5 22. Bg5 h6 23. Bxe7 Qxe7 24. Rec1 Qg5 25. Nc4 f4 26. Nd2 Rae8 27. d5 Be5 28. Rab1 axb5 29. axb5 Bf5 30. d6 Nh4 31. d7 Bxd7 32. Nxe4 Qg6 33. f3 Bf5 34. Kh1 Bxe4 35. fxe4 Qxe4 36. Re1 Qf5 37. Qc4 Ng6 38. Bd3 Qg5 39.
Qe4 Rf6 40. Qxb7 f3 41. Bxg6 Rxg6 42. Qxf3 Rf6 43. Qh3 Rfe6 44. b6 Bb8 45. Rxe6 Rxe6 46. Qxe6 Qf4 47. Qh3 Qe4 48. Rg1 1-0

[Event "Early-Titled-Tuesday-Blitz-April-23-2024"]
[Site "Chess.com"]
[Date "2024.04.23"]
[Round "10"]
[White "Statham_01"]
[Black "MaxLeto"]
[Result "1-0"]
[WhiteElo "2565"]
[BlackElo "2424"]
[TimeControl "180+1"]
[EndTime "10:01:10 PDT"]
[Termination "Statham_01 won on time"]

1. g4 d5 2. Bg2 Bxg4 3. c4 c6 4.
Qb3 Nf6 5. cxd5 cxd5 6. Nc3 e6 7.
d4 Qb6 8. Qc2 Nc6 9. Be3 Bd6 10.
Nf3 O-O 11. Rd1 Bf5 12. Qc1 Rac8 13. Rg1 Nb4 14. Nh4 Nxa2 15. Qd2 Bb4 16. Kf1 Nxc3 17. bxc3 Bxc3 18. Qa2 Bg6 19. Nxg6 hxg6 20. Bf3 Rc4 21. Rb1 Qa6 22. Qb3 Bxd4 23. Bd2 Bb6 24. h4 Rxh4 25. Bg5 Ra4 26. Qc2 Qc4 27. Qd2 Rc8 28. Bxf6 gxf6 29. Qh6 f5 30. Rxg6+ fxg6 31. Qxg6+ Kf8 32. Qf6+ Ke8 33.
Qxe6+ Kf8 34. Qf6+ Ke8 35. Rd1 d4 36. Kg2 Kd7 37.
Rh1 Rd8 38. Rh7+ Kc8 39. Qxf5+ Kb8 40. Rxb7+ Ka8 41. Rxb6+ Rd5 42. Qf8+ 1-0

[Event "Early-Titled-Tuesday-Blitz-April-23-2024"]
[Site "Chess.com"]
[Date "2024.04.23"]
[Round "10"]
[White "FGHSMN"]
[Black "Rodalquilar"]
[Result "0-1"]
[WhiteElo "2895"]
[BlackElo "2746"]
[TimeControl "180+1"]
[EndTime "10:01:11 PDT"]
[Termination "Rodalquilar won on time"]

1. e4 d5 2. exd5 Qxd5 3. Nc3 Qa5 4. d4 Nf6 5. Nf3 Bf5 6. Bc4 e6 7. O-O Bb4 8. Bd2 Nc6 9. a3 Bxc3 10. Bxc3 Qb6 11.
a4 a5 12. d5 O-O-O 13. Bxf6 gxf6 14. Nh4 Be4 15. Qh5 Bg6 16. Qe2 Nd4 17. Qg4 Nxc2 18.
Rac1 Qd4 19. Qe2 exd5 20. Nxg6 hxg6 21. Bb5 Nb4 22. Qe7 Qe5 23. Qxe5 fxe5 24. f4 e4 25. f5 g5 26. f6 c6 27. Rf5 d4 28.
Rxg5 d3 29. Bc4 e3 30. Re5 e2 31. Rb1 Rhe8 32. Rxe8 Rxe8 33. Kf2 Nc2 34. Bxf7 e1=Q+ 35. Rxe1 Rxe1 36. Bc4 Re2+ 37. Kg3 Kd8 38. h4 Ne1 39. h5 Rxg2+ 40. Kh3 d2 41. Bb3 Rf2 0-1

[Event "Early-Titled-Tuesday-Blitz-April-23-2024"]
[Site "Chess.com"]
[Date "2024.04.23"]
[Round "10"]
[White "kids2010"]
[Black "Ginger_GM"]
[Result "1-0"]
[WhiteElo "2800"]
[BlackElo "2666"]
[TimeControl "180+1"]
[EndTime "10:01:14 PDT"]
[Termination "kids2010 won by checkmate"]

1. e4 d6 2. d4 Nf6 3. Nc3 Nbd7 4. Bc4 e5 5. Nf3 Be7 6. O-O c6 7. h3 b5 8. Bb3 a5 9. a3 O-O 10. Re1 Qc7 11. Nh4 Nb6 12. Nf5 Bxf5 13. exf5 exd4 14.
Qxd4 d5 15. Bf4 Qb7 16. Rxe7 Qxe7 17. Qxb6 b4 18. Na4 Qe4 19. Be3 Rac8 20. Qxa5 bxa3 21.
bxa3 Qxf5 22. Nc5 Rfe8 23. Qd2 Qe5 24. Bd4 Qd6 25. a4 Ne4 26. Nxe4 Rxe4 27. Be3 f5 28. g3 Rce8 29. a5 Rxe3 30. fxe3 Qxg3+ 31. Qg2 Qxe3+ 32. Kh1 Re6 33. a6 Qa7 34. Qg1 Re3 35. Qg2 Re6 36. c4 Rg6 37. Qf3 dxc4 38. Bxc4+ Kh8 39. Qxf5 Qa8 40.
a7 Rf6 41. Qe4 Rf8 42. Ra6 Qb7 43. Ra1 Ra8 44. Qe3 c5+ 45. Kh2 Qc7+ 46. Qg3 Qb7 47. Bf1 Qb2+ 48. Qg2 Qe5+ 49. Kh1 Qxa1 50. Qxa8# 1-0

[Event "Early-Titled-Tuesday-Blitz-April-23-2024"]
[Site "Chess.com"]
[Date "2024.04.23"]
[Round "10"]
[White "Rud_Makarian"]
[Black "mishanick"]
[Result "1-0"]
[WhiteElo "3051"]
[BlackElo "3154"]
[TimeControl "180+1"]
[EndTime "10:01:15 PDT"]
[Termination "Rud_Makarian won on time"]

1. d4 Nf6 2. c4 e6 3. Nf3 Bb4+ 4.
Bd2 Be7 5. Nc3 d5 6. Bf4 O-O 7. e3 c5 8. dxc5 Bxc5 9. Qc2 Nc6 10. a3 Qe7 11. Rd1 Rd8 12. Be2 d4 13. exd4 Nxd4 14.
Nxd4 Bxd4 15. O-O a6 16. Bf3 h6 17. Rfe1 e5 18. Bxe5 Bxe5 19. Rxd8+ Qxd8 20. Rxe5 Qc7 21. Qe2 Be6 22. Nd5 Nxd5 23. Bxd5 Bxd5 24. Rxd5 Rc8 25.
c5 Qf4 26. g3 Qc1+ 27. Kg2 Rxc5 28. Rd8+ Kh7 29. Qe4+ f5 30. Qxb7 Qc4 31. Rd7 Qe4+ 32. Qxe4 fxe4 33. Rd4 Rc2 34. Rxe4 Rxb2 35. Re6 a5 36. Re5 Rb3 37. Rxa5 g6 38. Ra7+ Kg8 39. a4 h5 40. a5 Ra3 41. h4 Kf8 42. a6 Kg8 43. Kf1 Ra2 44. Ke1 Kf8 45. Kd1 Ke8 46. Kc1 Kd8 47. Kb1 Ra5 48. Kc2 Kc8 49. Kd3 1-0

[Event "Early-Titled-Tuesday-Blitz-April-23-2024"]
[Site "Chess.com"]
[Date "2024.04.23"]
[Round "10"]
[White "EddieMarsalla"]
[Black "praveenb2002"]
[Result "0-1"]
[WhiteElo "2673"]
[BlackElo "2894"]
[TimeControl "180+1"]
[EndTime "10:01:15 PDT"]
[Termination "praveenb2002 won on time"]

1. d4 Nf6 2. Bf4 g6 3. c3 Bg7 4. Nd2 O-O 5. e3 d6 6. Ngf3 Nbd7 7. Bc4 c6 8. O-O Nh5 9. Bg5 h6 10. Bh4 g5 11. Ne1 Ndf6 12. Bg3 Nxg3 13. hxg3 e5 14.
Qc2 e4 15. Be2 d5 16. Kh2 Re8 17. Rh1 Ng4+ 18. Kg1 Qf6 19. Bxg4 Bxg4 20. Nf1 Rac8 21. Nh2 Bd7 22. Qe2 c5 23. Nc2 b6 24. Rd1 Qe6 25. Qh5 f5 26. g4 fxg4 27. Nf1 Rf8 28. Ng3 Ba4 29. Rd2 Bxc2 30. Rxc2 cxd4 31. exd4 e3 32. fxe3 Qxe3+ 33. Kh2 Qe8 34. Qxg4 Rf4 35. Qe2 Qf7 36. Rf1 Re8 37. Qb5 Re3 38. Rcc1 Kh8 39. Qc6 h5 40. Qc8+ Re8 41. Qh3 h4 42. Kg1 Kg8 43.
Rxf4 Qxf4 44. Rf1 Qxg3 45. Qd7 Qe3+ 46. Kh1 Qe6 47. Qxa7 h3 0-1